 Dungeon Crawl Stone Soup version 0.32-a0-441-gaf4921d101 (webtiles) character file.

Game seed: 5572814545549632056

135 Amplified the Slasher (level 4, -5/37 HPs)
             Began as a Mountain Dwarf Wanderer on Feb 23, 2024.
             Was a Follower of Makhleb.
             Slain by a chaos spawn (7 damage)
             ... led by Pikel
             ... on level 4 of the Dungeon.
             The game lasted 00:09:28 (2648 turns).

Amplified the Slasher (Mountain Dwarf Wanderer)     Turns: 2648, Time: 00:09:29

Health: -5/37      AC: 15    Str: 15 (16) XL:     4   Next: 97%
Magic:  5/5        EV:  4    Int:  8      God:    Makhleb [*.....]
Gold:   1529       SH:  5    Dex: 16 (18) Spells: 3/3 levels left

rFire   . . .        d - +5 mace (heavy)
rCold   . . .        c - +0 buckler
rNeg    + . .        g - +0 plate armour
rPois   +            j - +1 helmet "Bischuete" {Dex+2}
rElec   .            (no cloak)
rCorr   .            h - +1 pair of gloves of Yphioc {rPois rN+ Int-4 Dex+6}
SInv    .            (no boots)
Will    +....        (no amulet) Stlth
                     (no ring)
HPRegen 0.26/turn    (no ring)
MPRegen 0.09/turn

%: clarity
@: enlightened, flying
A: runic magic, artefact enchanting, clarity, deterioration 1, wild magic 1
a: Renounce Religion


You were on level 4 of the Dungeon.
You worshipped Makhleb.
Makhleb was aware of your devotion.
You visited 1 branch of the dungeon, and saw 5 of its levels.

You collected 1667 gold pieces.
You spent 138 gold pieces at shops.

Inventory:

Hand Weapons
 a - a +2 falchion
 d - a +5 heavy mace (weapon)
Missiles
 f - 3 poisoned darts
Armour
 c - a +0 buckler (worn)
 g - a +0 plate armour (worn)
 h - the +1 pair of gloves of Yphioc (worn) {rPois rN+ Int-4 Dex+6}
   (You acquired it on level 1 of the Dungeon)

   Int-4:     It affects your intelligence (-4).
   Dex+6:     It affects your dexterity (+6).
   rPois:     It protects you from poison rN+: It protects you from negative
   energy.
 j - the +1 helmet "Bischuete" (worn) {Dex+2}
   (You found it on level 2 of the Dungeon)

   Dex+2:     It affects your dexterity (+2).
Wands
 k - a wand of polymorph (9) (quivered)
Scrolls
 b - a scroll of fog
 q - 2 scrolls of amnesia
Potions
 i - 3 potions of brilliance
 m - a potion of attraction
 p - a potion of enlightenment


   Skills:
 * Level 2.9 Fighting
 - Level 4.5 Long Blades
 * Level 0.0 Maces & Flails
 - Level 3.0 Armour
 - Level 1.0 Stealth
 * Level 3.5 Shields
 * Level 1.7 Invocations


You had 3 spell levels left.
You didn't know any spells.
Your spell library was empty.

Dungeon Overview and Level Annotations

Branches:
Dungeon (5/15)
 Temple: D:4-7

Altars:
Gozag
Makhleb
Yredelemnul

Shops:
D:4 (

Annotations:
D:5 Dowan, Duvessa, Edmund, Pikel


Innate Abilities, Weirdness & Mutations

Your spellcasting is much less encumbered by armour.
You can use scrolls of enchantment on lesser artefacts.
You possess an exceptional clarity of mind.
Your body sometimes deteriorates upon taking damage.
Your spells are a little harder to cast, but a little more powerful.


Message History

There is a stone staircase leading down here.
Unknown command.
You start resting.
A lemure is nearby!
The lemure shouts!
There is an entrance to Piolir's Antique Weapon Boutique here.
d - a +5 heavy mace Thank you for shopping at Piolir's Antique Weapon Boutique!
The lemure hits you but does no damage.
The lemure shouts!
The lemure attacks as it pursues you! You block the lemure's attack.
You see here a +0 whip.
The lemure attacks as it pursues you! The lemure barely misses you.
Okay, then.
d - a +5 heavy mace (weapon)
The lemure hits you.
Okay, then.
The lemure attacks as it pursues you! The lemure hits you but does no damage.
Okay, then.
Okay, then.
The lemure attacks as it pursues you! You block the lemure's attack.
Unknown command.
Aiming: Polymorph
Press: ? - help, Shift-Dir - straight line, f - lemure
Aim: a lemure (will become a chaos spawn, a cerulean imp, or a white imp, chance to affect: 49%)
The lemure evaporates and reforms as a chaos spawn!
Unknown command.
Okay, then.
Okay, then.
You feel very buoyant.
You fly up into the air.
The chaos spawn bites you! The chaos spawn shocks you!
* * * LOW HITPOINT WARNING * * *
Your body deteriorates!
You feel clumsy.
Unknown command.
You thump the chaos spawn!
The chaos spawn is moderately wounded.
The chaos spawn trunk-slaps you.
* * * LOW HITPOINT WARNING * * *
You are engulfed in flames!
You die...

,........5#.........# #.#
*#.#.##..........#### #.#
#.#.##.###.#.#### #.#
#..>.5.5##.#.# #.#
#........#.#.# #.#
*#.......∩....# #.#
#.........#.### #.#
.#.......##5###########.#
......#.###..5.4@....##P#
#.##..#.#*##########.##5####
#.##..#..,..# #.##....#
#.##..#####.# #.#####.#
#.....# #.# #.# #.# #.###.#
#.# #.# #.# ..###.# #.#####
#.# #5# .#5##.#*
#.....####.# #.#
###..#.####.....5....# #.#


You could see a chaos spawn and 2 lemures.

Vanquished Creatures
  A jelly (D:4)
  Ijyb (D:3)
  3 adders
  2 orcs
  6 bats
  2 endoplasms
  2 giant cockroaches
  8 goblins
  5 hobgoblins
  4 jackals (D:2)
  A quokka (D:4)
  5 ball pythons
  2 frilled lizards
  A kobold (D:1)
  3 rats
46 creatures vanquished.

Notes
Turn   | Place    | Note
-------+----------+-------------------------------------------
     0 | D:1      | Amplified the Mountain Dwarf Wanderer began the quest for
                  | the Orb.
     0 | D:1      | Amplified set off with the following items: a +2 falchion,
                  | a scroll of fog, a +0 buckler, a scroll of teleportation, a
                  | +0 leather armour.
     0 | D:1      | Reached XP level 1. HP: 16/16 MP: 1/1
   140 | D:1      | Identified 3 scrolls of acquirement
   140 | D:1      | Acquired 639 gold pieces
   147 | D:1      | Acquired 853 gold pieces
   149 | D:1      | Acquired the +1 pair of gloves of Yphioc {rPois rN+ Int-4
                  | Dex+6}
   206 | D:1      | Reached XP level 2. HP: 23/23 MP: 2/2
   452 | D:2      | Identified the +1 helmet "Bischuete" {Dex+2}
   488 | D:2      | Reached XP level 3. HP: 28/29 MP: 3/3
   726 | D:2      | Found a faded altar of an unknown god.
   735 | D:2      | Prayed at the altar of an unknown god.
   735 | D:2      | Became a worshipper of Makhleb the Destroyer
   735 | D:2      | Reached * piety under Makhleb
   812 | D:2      | You fall into a shaft and drop 2 floors!
   820 | D:4      | Found an opulent altar of Gozag.
   975 | D:3      | Noticed Ijyb
   990 | D:3      | Killed Ijyb
   991 | D:3      | Reached XP level 4. HP: 37/37 MP: 4/4
  1017 | D:3      | Reached skill level 1 in Invocations
  2006 | D:4      | Found a basalt altar of Yredelemnul.
  2155 | D:4      | Noticed a lemure
  2155 | D:4      | Noticed a lemure
  2311 | D:4      | Found Piolir's Antique Weapon Boutique.
  2408 | D:4      | Noticed a lemure
  2454 | D:5      | Entered Level 5 of the Dungeon
  2483 | D:4      | Noticed Pikel
  2487 | D:4      | Noticed a lemure
  2491 | D:4      | Gained mutation: Your body sometimes deteriorates upon
                  | taking damage. [potion of mutation]
  2491 | D:4      | Gained mutation: You possess an exceptional clarity of
                  | mind. [potion of mutation]
  2491 | D:4      | Gained mutation: Your spells are a little harder to cast,
                  | but a little more powerful. [potion of mutation]
  2554 | D:5      | Noticed Duvessa
  2556 | D:5      | Noticed Dowan
  2556 | D:5      | Noticed a phantom
  2623 | D:5      | Noticed Edmund
  2637 | D:4      | Bought a glowing mace for 138 gold pieces
  2646 | D:4      | a lemure changed into a chaos spawn
  2646 | D:4      | Noticed a chaos spawn
  2648 | D:4      | Slain by a chaos spawn

Illustrated notes

Levels and vault maps discovered:
D:1:      nicolae_arrival_memento_mori, layout_rooms
D:2:      layout_basic, chequers_ecumenical_altar_simple_redux
D:3:      layout_basic, uniq_ijyb
D:4:      layout_loops_ring, mainiacjoe_overflow_paths, lemuel_doored_altar,
          serial_shops, shop, uniq_pikel
D:5:      layout_basic, serial_corexii_hall, corexii_hall_statues_l,
          corexii_hall_statues_deadend, mrwooster_statue_mirror,
          grunt_ministairs_4, uniq_duvessa, uniq_edmund

Skill      XL: |  1  2  3  4 |
---------------+-------------+-----
Armour         | 2 3 |  3.0
Fighting       | 2 |  2.9
Shields        | 3 |  3.5
Invocations    | 1 |  1.7
Long Blades    | |  4.5
Stealth        | |  1.0

Action                     |  1- 3 |  4- 6 || total
---------------------------+-------+-------++-------
  Melee: Falchion          |    78 |    52 ||   130
         Mace              |       |     1 ||     1
  Throw: Dart              |     1 |     5 ||     6
  Evoke: Wand              |       |     4 ||     4
    Use: Scroll            |     7 |     8 ||    15
         Potion            |     2 |     3 ||     5
 Armour: Plate armour      |    66 |    80 ||   146
         Skin              |     4 |       ||     4
  Dodge: Dodged            |    17 |    10 ||    27
  Block: Buckler           |    21 |    19 ||    40

Table legend: (Time is in decaauts)
 A = Elapsed time spent in this place.
 B = Non-inter-level travel time spent in this place.
 C = Inter-level travel time spent in this place.
 D = Time resting spent in this place.
 E = Time spent auto-exploring this place.
 F = Levels seen in this place.
 G = Mean time per level.
                   A        B        C        D        E       F      G
               +--------+--------+--------+--------+--------+-----+--------+
         Total |   2663 |   2534 |    129 |    245 |   1222 |   5 |  532.6 |
       Dungeon |   2663 |   2534 |    129 |    245 |   1222 |   5 |  532.6 |
               +--------+--------+--------+--------+--------+-----+--------+

Top non-repeatable levels by time:
     D:3: 1056 daAuts
     D:4: 533 daAuts
     D:2: 481 daAuts
     D:1: 448 daAuts
     D:5: 143 daAuts
